 Dungeon Crawl Stone Soup version 0.30-a0-571-gdf30a72648 (webtiles) character file.

Game seed: 12392791127209726002

8404 jfcaron the Transmogrifier (level 11, -2/79 HPs)
             Began as a Purple Draconian Transmuter on Dec 30, 2022.
             Was an Initiate of Gozag.
             Slain by Snorg (10 damage)
             ... on level 10 of the Dungeon.
             The game lasted 00:38:28 (10918 turns).

jfcaron the Transmogrifier (DrTm)                  Turns: 10918, Time: 00:38:29

Health: -2/79      AC: 11    Str: 16    XL:     11   Next: 9%
Magic:  4/18       EV: 12    Int: 17    God:    Gozag
Gold:   1527       SH:  0    Dex: 13    Spells: 1/20 levels left

rFire   + . .      SeeInvis .    g - +7 mace "Giant's Death Toll" {drain, Str+4}
rCold   . . .      Faith    .    (no shield)
rNeg    . . .      Spirit   .    (body armour unavailable)
rPois   +          Reflect  .    u - +2 hat
rElec   .          Harm     .    (no cloak)
rCorr   .          Rampage  .    s - +1 pair of gloves
Will    +....                    (no boots)
Stlth   +                        (no amulet)
HPRegen 0.33/turn                r - ring of protection from fire
MPRegen 0.16/turn                o - ring of poison resistance

@: freezing walls
A: breathe power, AC +7, unfitting armour, cold-blooded
a: Breathe Dispelling Energy, Renounce Religion, Potion Petition, Call Merchant,
Bribe Branch


You were on level 10 of the Dungeon.
You worshipped Gozag.
Gozag was most pleased with you.
You visited 1 branch of the dungeon, and saw 10 of its levels.

You collected 1581 gold pieces.
You paid 54 gold pieces to Gozag.

Inventory:

Hand Weapons
 g - the +7 mace "Giant's Death Toll" (weapon) {drain, Str+4}
   (You found it on level 2 of the Dungeon)

   A truly terrible weapon, it drains the life of any living foe it strikes.
   Str:       It affects your strength (+4).
 t - a +1 dagger of electrocution
   (You took it off an orc wizard on level 8 of the Dungeon)
 E - a +2 whip of venom
   (You found it on level 9 of the Dungeon)
 J - a +5 sling of flaming
   (You took it off Joseph on level 9 of the Dungeon)
Missiles
 b - 77 stones
 i - 6 javelins
 v - 3 throwing nets {!f}
 K - 15 poisoned darts
 L - 3 atropa-tipped darts {!f}
Armour
 s - a +1 pair of gloves (worn)
 u - a +2 hat (worn)
Jewellery
 c - a ring of positive energy
 o - a ring of poison resistance (right hand)
 r - a ring of protection from fire (left hand)
   (You took it off a gnoll on level 3 of the Dungeon)
 w - a ring of ice
   (You found it on level 6 of the Dungeon)
 y - a ring of protection from fire
   (You found it on level 5 of the Dungeon)
 I - a ring of protection from fire
   (You took it off an orc on level 7 of the Dungeon)
Wands
 e - a wand of iceblast (12)
   (You found it on level 8 of the Dungeon)
 f - a wand of digging (2)
 j - a wand of flame (17)
 C - a wand of quicksilver (29)
   (You found it on level 6 of the Dungeon)
 H - a wand of charming (5)
Scrolls
 m - 2 scrolls of poison
 x - a scroll of vulnerability
 z - a scroll of immolation
 B - 5 scrolls of fear
 D - 2 scrolls of amnesia
 F - 2 scrolls of fog
 G - a scroll of torment
Potions
 a - 4 potions of lignification
 d - 2 potions of ambrosia
 k - a potion of cancellation {unknown}
 l - a potion of berserk rage {unknown}
 n - 2 potions of flight
 p - 2 potions of might
 q - 5 potions of curing
 A - a potion of mutation {unknown}


   Skills:
 + Level 2.0 Fighting
 - Level 5.0 Maces & Flails
 - Level 2.0 Dodging
 + Level 3.3 Unarmed Combat
 + Level 5.0 Spellcasting
 - Level 10.0 Transmutations
 - Level 6.0 Ice Magic
 * Level 8.2 Air Magic
 - Level 7.0 Poison Magic


You had one spell level left.
You knew the following spells:

 Your Spells              Type           Power      Damage    Failure   Level
a - Beastly Appendage     Tmut           76%        N/A       1%          1
b - Wereblood             Tmut           38%        N/A       1%          2
c - Apportation           Tloc           8%         N/A       14%         1
d - Spider Form           Tmut/Pois      33%        N/A       1%          3
e - Ice Form              Ice/Tmut       31%        N/A       5%          4
f - Poisonous Vapours     Pois/Air       60%        N/A       1%          2
g - Frozen Ramparts       Ice            48%        1d8       3%          3
h - Ignite Poison         Fire/Tmut/Pois 23%        N/A       4%          3

Your spell library contained the following spells:

 Spells                   Type           Power      Damage    Failure   Level
 Freeze                   Ice            96%        1d10      1%          1
 Shock                    Conj/Air       72%        1d7       2%          1
 Magic Dart               Conj           16%        1d3       14%         1
 Swiftness                Air            32%        N/A       1%          3
 Cigotuvi's Dreadful Rot  Necr/Pois/Air  42%        N/A       2%          2
 Airstrike                Air            16%        2d(3-19)  4%          4
 Mephitic Cloud           Conj/Pois/Air  21%        N/A       5%          3
 Hailstorm                Conj/Ice       14%        3d5       12%         3
 Alistair's Intoxication  Tmut/Pois      22%        N/A       12%         5
 Searing Ray              Conj           8%         2d4       22%         2
 Sublimation of Blood     Necr           4%         N/A       22%         2
 Summon Ice Beast         Ice/Summ       14%        N/A       38%         4
 Fulminant Prism          Conj/Hex       2%         3d5       80%         4
 Sticky Flame             Conj/Fire      4%         2d3       80%         4
 Summon Mana Viper        Hex/Summ       4%         N/A       98%         5
 Monstrous Menagerie      Summ           2%         N/A       100%        7
 Summon Hydra             Summ           2%         N/A       100%        7
 Ignition                 Fire           2%         3d3       100%        8


Dungeon Overview and Level Annotations

Branches:
Dungeon (10/15)            Temple (0/1) D:7
   Lair: D:8-11         Orc: D:9-12

Altars:
Gozag
Kikubaaqudgha
Ru
Trog
Vehumet
The Shining One

Annotations:
D:3 Sigmund
D:4 3 runed translucent doors, lotum's ghost, amateur MeEE
D:10 Snorg


Innate Abilities, Weirdness & Mutations

You can breathe bolts of dispelling energy.
Your rich purple scales are hard. (AC +7)
You cannot fit into any form of body armour.
You are cold-blooded and may be slowed by cold attacks.


Message History

Aiming: Poisonous Vapours (safe; 1% risk of failure)
Press: ? - help, Dir - move target, f - Snorg
Aim: Snorg (lightly wounded, berserk) Poisonous vapours surround Snorg!
Snorg is poisoned.
The wall freezes Snorg.
Snorg bites you! Snorg closely misses you. Snorg claws you.
The wall freezes Snorg.
Snorg misses you. Snorg barely misses you. x2
Casting: Poisonous Vapours (safe; 1% risk of failure)
Confirm with . or Enter, or press ? or * to list all spells.
Aiming: Poisonous Vapours (safe; 1% risk of failure)
Press: ? - help, Dir - move target, f/p - Snorg
Aim: Snorg (lightly wounded, berserk, very poisoned) Poisonous vapours surround Snorg!
Snorg looks as sick as possible!
The wall freezes Snorg.
Snorg closely misses you. Snorg misses you. Snorg closely misses you.
Casting: Poisonous Vapours (safe; 1% risk of failure)
Confirm with . or Enter, or press ? or * to list all spells.
You ignite the poison in your surroundings!
Snorg seems to burn from within!!!
Snorg is heavily wounded.
The wall freezes Snorg.
Snorg misses you. Snorg completely misses you. Snorg claws you!
The wall freezes Snorg.
Snorg bites you. Snorg claws you. x2
Casting: Ignite Poison (dangerous; 4% risk of failure)
Confirm with . or Enter, or press ? or * to list all spells.
Aiming: Poisonous Vapours (safe; 1% risk of failure)
Press: ? - help, Dir - move target, f/p - Snorg
Aim: Snorg (heavily wounded, berserk) Poisonous vapours surround Snorg!
Snorg is poisoned.
The wall freezes Snorg.
Snorg bites you! Snorg claws you! Snorg closely misses you.
Casting: Poisonous Vapours (safe; 1% risk of failure)
Confirm with . or Enter, or press ? or * to list all spells.
You ignite the poison in your surroundings!
Snorg seems to burn from within!!
Snorg is almost dead.
The wall freezes Snorg.
Snorg bites you!
* * * LOW HITPOINT WARNING * * *
Snorg claws you.
* * * LOW HITPOINT WARNING * * *
Snorg claws you but does no damage.
The wall freezes Snorg.
Snorg bites you!
You die...
Your body crumbles into a pile of gold.

#.# #.#####...##....
#.# #........)##....
#.# #........)[.....
#.# #..####..##.....
#.# #..# #..##.....
#.# #..# #..##.....
#.#####..# #..##...#.
#........# #..##...#.
#....@...# #..##...#.
######T........##...#.
#..............#.
..##### .##..#. ..# ..
#..#. ..# #..#. .(#
#..#. ..# #....
..##....


You could see Snorg (berserk).

Vanquished Creatures
  Gastronok (D:9)
  Joseph (D:9)
  Maurice (D:8)
  Maggie (D:8)
  2 kobold demonologists (D:9)
  2 trolls
  2 polar bears (D:10)
  3 hornets
  2 wyverns (D:8)
  Edmund (D:5)
  5 water moccasins
  Duvessa (D:5)
  4 orc warriors
  A sky beast (D:6)
  3 black bears (D:10)
  2 ice beasts
  4 ogres
  2 centaurs
  A phantom (D:6)
  A gnoll sergeant (D:10)
  3 bullfrogs
  A kobold brigand (D:9)
  A necrophage (D:6)
  A scorpion (D:10)
  12 wights
  Dowan (D:5)
  7 killer bees
  A jelly (D:8)
  5 orc priests
  2 gnoll boudas
  5 hounds
  Ijyb (D:5)
  3 iguanas
  6 orc wizards
  25 gnolls
  7 adders
  A shadow imp (D:8)
  4 white imps
  An ufetubus (D:7)
  4 worms
  3 dart slugs
  21 orcs
  5 ball pythons
  4 endoplasms
  A giant cockroach (D:3)
  4 goblins
  5 hobgoblins
  13 kobolds
  3 quokkas
  2 bats
  3 frilled lizards
  2 rats
  40 fungi (D:10)
  43 plants (D:10)
280 creatures vanquished.

Notes
Turn   | Place    | Note
-------+----------+-------------------------------------------
     0 | D:1      | jfcaron the Draconian Transmuter began the quest for the
                  | Orb.
     0 | D:1      | Reached XP level 1. HP: 16/16 MP: 3/3
   165 | D:1      | Reached XP level 2. HP: 23/23 MP: 3/5
   249 | D:1      | Learned a level 2 spell: Wereblood
   607 | D:2      | Identified the +7 mace "Giant's Death Toll" {drain, Str+4}
   698 | D:2      | Noticed an ogre
   711 | D:2      | Killed an ogre
   712 | D:2      | Reached skill level 3 in Transmutations
   712 | D:2      | Reached XP level 3. HP: 29/29 MP: 6/6
   712 | D:2      | Reached XP level 4. HP: 36/36 MP: 7/7
  1275 | D:3      | Reached XP level 5. HP: 41/41 MP: 6/8
  1559 | D:3      | Reached skill level 4 in Transmutations
  2060 | D:3      | Noticed Sigmund
  2164 | D:3      | Reached XP level 6. HP: 48/48 MP: 9/9
  2402 | D:4      | Found a runed translucent gate.
  2403 | D:4      | Found a runed translucent gate.
  2403 | D:4      | Found a runed translucent gate.
  2404 | D:4      | Noticed lotum's ghost (amateur MeEE)
  2406 | D:4      | Identified the +11 whip "Diegem" {pain, +Blink Int+3}
  2727 | D:4      | Reached skill level 5 in Transmutations
  2810 | D:4      | Found an opulent altar of Gozag.
  2818 | D:4      | Became a worshipper of Gozag Ym Sagoz the Greedy
  2837 | D:4      | Learned a level 1 spell: Apportation
  2841 | D:4      | Learned a level 3 spell: Spider Form
  3512 | D:5      | Entered Level 5 of the Dungeon
  3537 | D:5      | Reached skill level 1 in Poison Magic
  3612 | D:5      | Noticed an ice beast
  3733 | D:5      | Noticed Dowan
  3734 | D:5      | Noticed Duvessa
  3739 | D:5      | Killed Dowan
  3740 | D:5      | Your scales start taking on a rich purple colour.
  3740 | D:5      | Reached XP level 7. HP: 55/55 MP: 8/10
  3748 | D:5      | HP: 10/55 [Duvessa/+0 short sword (7)]
  3753 | D:5      | Killed Duvessa
  3950 | D:5      | Reached skill level 5 in Maces & Flails
  4336 | D:5      | Noticed Edmund
  4343 | D:5      | Noticed Ijyb
  4345 | D:5      | Killed Edmund
  4351 | D:5      | Killed Ijyb
  4501 | D:5      | Found a sacrificial altar of Ru.
  4525 | D:6      | Found a radiant altar of Vehumet.
  4532 | D:6      | Reached XP level 8. HP: 60/61 MP: 12/14
  4618 | D:6      | Reached skill level 6 in Transmutations
  4770 | D:6      | Reached skill level 5 in Spellcasting
  4930 | D:6      | Learned a level 4 spell: Ice Form
  4982 | D:6      | HP: 4/61 [orc warrior/+0 scimitar (10)]
  4993 | D:6      | Reached skill level 1 in Ice Magic
  5421 | D:6      | HP: 1/61 [orc warrior/bolt (16)]
  5426 | D:6      | Reached skill level 7 in Transmutations
  5426 | D:6      | Reached skill level 5 in Poison Magic
  6256 | D:5      | Reached XP level 9. HP: 67/67 MP: 16/16
  6466 | D:7      | Found a staircase to the Ecumenical Temple.
  7092 | D:7      | Found a glowing golden altar of the Shining One.
  7366 | D:7      | Reached skill level 8 in Transmutations
  7471 | D:7      | Learned a level 2 spell: Poisonous Vapours
  7539 | D:8      | Reached skill level 1 in Air Magic
  8227 | D:8      | Noticed Maggie
  8239 | D:8      | Reached skill level 5 in Ice Magic
  8241 | D:8      | Noticed Maurice
  8264 | D:8      | Killed Maggie
  8275 | D:8      | Killed Maurice
  8276 | D:8      | Reached XP level 10. HP: 57/73 MP: 17/17
  8543 | D:9      | Learned a level 3 spell: Frozen Ramparts
  8613 | D:9      | Learned a level 3 spell: Ignite Poison
  8828 | D:9      | Noticed Gastronok
  8876 | D:9      | Killed Gastronok
  8877 | D:9      | Reached skill level 5 in Air Magic
  9020 | D:9      | Noticed Joseph
  9026 | D:9      | Killed Joseph
  9027 | D:9      | Reached skill level 9 in Transmutations
  9257 | D:9      | Found an ancient bone altar of Kikubaaqudgha.
  9369 | D:9      | Noticed a smoke demon
  9585 | D:10     | Entered Level 10 of the Dungeon
  9624 | D:10     | HP: 13/73 [orc wizard/+0 dagger (3)]
  9625 | D:10     | HP: 5/73 [orc warrior/+0 battleaxe (9)]
  9649 | D:10     | HP: 12/73 [polar bear (3)]
 10048 | D:10     | Reached XP level 11. HP: 59/76 MP: 7/18
 10140 | D:10     | Found a bloodstained altar of Trog.
 10299 | D:10     | Noticed a two-headed ogre
 10695 | D:10     | Reached skill level 10 in Transmutations
 10911 | D:10     | Noticed Snorg
 10918 | D:10     | HP: 9/79 [Snorg (16)]
 10918 | D:10     | Slain by Snorg

Illustrated notes

Levels and vault maps discovered:
D:1:      dpeg_arrival_long_road, layout_rooms
D:2:      layout_loops_ring
D:3:      layout_loops_cross, uniq_sigmund
D:4:      layout_cave_pods, mainiacjoe_overflow_paths,
          biasface_ghost_orc_armoury
D:5:      layout_basic, nicolae_ru_awakened_eye, hangedman_glass_teeth,
          uniq_edmund, uniq_duvessa, uniq_ijyb
D:6:      layout_loops_corners, mainiacjoe_overflow_boulevard
D:7:      layout_rooms, tso_oasis_becter, minmay_temple_entry_sparse_star,
          minivault_5
D:8:      layout_basic, minmay_diced_spiral, uniq_maggie, uniq_maurice
D:9:      layout_loops_cross, nicolae_kikubaaqudgha_miasma_corner,
          uniq_gastronok, uniq_joseph
D:10:     layout_long_grid, trog_ov_bears_minmay, due_lair_maze_entry_diamond,
          chequers_mini_garden, statue_in_the_mist_lemuel, uniq_snorg

Skill      XL: |  1  2  3  4  5  6  7  8  9 10 11 |
---------------+----------------------------------+-----
Dodging        | 2 |  2.0
Fighting       | 2 |  2.0
Maces & Flails | 2 3 4 5 |  5.0
Transmutations | 3 4 5 7 8 9 10 | 10.0
Poison Magic   | 1 3 5 6 7 |  7.0
Spellcasting   | 4 5 |  5.0
Ice Magic      | 3 5 6 |  6.0
Air Magic      | 3 7 8 |  8.2
Unarmed Combat | |  3.3

Action                   |  1- 3 |  4- 6 |  7- 9 | 10-12 || total
-------------------------+-------+-------+-------+-------++-------
Melee: Unarmed           |    20 |       |    14 |     7 ||    41
       Kick              |     5 |    11 |    37 |    20 ||    73
       Tailslap          |     3 |     4 |    22 |    17 ||    46
       Headbutt          |     1 |     8 |    37 |    12 ||    58
       Mace              |     3 |    86 |   210 |    93 ||   392
       Punch             |       |     2 |     1 |     1 ||     4
Throw: Javelin           |     3 |     3 |     8 |     7 ||    21
       Dart              |     2 |     4 |     2 |     1 ||     9
       Throwing net      |       |       |     1 |     1 ||     2
       Stone             |       |       |     1 |     4 ||     5
 Cast: Beastly Appendage |     7 |    27 |    28 |    16 ||    78
       Apportation       |       |       |     3 |       ||     3
       Wereblood         |       |       |     6 |     3 ||     9
       Spider Form       |       |       |     3 |     2 ||     5
       Poisonous Vapours |       |       |     6 |    55 ||    61
       Frozen Ramparts   |       |       |       |    17 ||    17
       Ignite Poison     |       |       |       |     7 ||     7
 Abil: Breathe Dispellin |       |       |     2 |     1 ||     3
       End Transformatio |       |       |     1 |     1 ||     2
Evoke: Wand              |       |       |     2 |     7 ||     9
  Use: Scroll            |       |     9 |     7 |     2 ||    18
       Potion            |       |       |       |     2 ||     2
 Stab: Sleeping          |       |     1 |       |       ||     1
Armor: Skin              |     5 |    20 |    79 |    35 ||   139
Dodge: Dodged            |    12 |    42 |   154 |   112 ||   320

Table legend: (Time is in decaauts)
 A = Elapsed time spent in this place.
 B = Non-inter-level travel time spent in this place.
 C = Inter-level travel time spent in this place.
 D = Time resting spent in this place.
 E = Time spent auto-exploring this place.
 F = Levels seen in this place.
 G = Mean time per level.
                   A        B        C        D        E       F      G
               +--------+--------+--------+--------+--------+-----+--------+
         Total |  11006 |  10166 |    840 |   2277 |   5546 |  10 | 1100.6 |
       Dungeon |  11006 |  10166 |    840 |   2277 |   5546 |  10 | 1100.6 |
               +--------+--------+--------+--------+--------+-----+--------+

Top non-repeatable levels by time:
     D:6: 1661 daAuts
     D:9: 1485 daAuts
     D:7: 1183 daAuts
     D:4: 1180 daAuts
     D:3: 1149 daAuts
     D:5: 1144 daAuts
     D:8: 1026 daAuts
    D:10: 903 daAuts
     D:2: 735 daAuts
     D:1: 536 daAuts

Table legend:
 A = Kills in this place as a percentage of kills in entire the game.
 B = Kills by you in this place as a percentage of kills by you in the entire game.
 C = Kills by friends in this place as a percentage of kills by friends in the entire game.
 D = Other kills in this place as a percentage of other kills in the entire game.
 E = Experience gained in this place as a percentage of experience gained in the entire game.
 F = Experience gained in this place divided by the number of levels of this place that you have seen.
                   A       B       C       D       E      F
               +-------+-------+-------+-------+-------+----------------------
         Total | 100.0 | 100.0 | 100.0 | 100.0 | 100.0 | 1200.7
       Dungeon | 100.0 | 100.0 | 100.0 | 100.0 | 100.0 | 1200.7
               +-------+-------+-------+-------+-------+----------------------
